 Dungeon Crawl Stone Soup version 0.28.0-43-g3370ac3207 (webtiles) character file.

Game seed: 496491579284836528

786 issech the Cudgeller (level 7, -10/68 HPs)
             Began as a Troll Monk on Mar 22, 2022.
             Killed from afar by a steam dragon (14 damage)
             ... with a ball of steam
             ... on level 5 of the Dungeon.
             The game lasted 00:12:06 (3570 turns).

issech the Cudgeller (Troll Monk)                   Turns: 3570, Time: 00:12:07

Health: -10/68     AC:  8    Str: 26    XL:     7   Next: 56%
Magic:  6/6        EV: 11    Int:  6    God:
Gold:   201        SH:  0    Dex: 14    Spells: 6/6 levels left

rFire   . . .      SeeInvis .   s - +3 flail (holy)
rCold   . . .      Faith    .   (no shield)
rNeg    . . .      Spirit   .   b - +0 robe
rPois   .          Reflect  .   (helmet restricted)
rElec   .          Harm     .   (no cloak)
rCorr   .          Rampage  .   (gloves unavailable)
Will    .....                   (boots unavailable)
Stlth   ++........              (no amulet)
HPRegen 1.01/turn               o - +4 ring of protection
MPRegen 0.10/turn               p - +6 ring of strength

@: no status effects
A: large, unfitting armour, claws 3, regeneration 1, shaggy fur 1, tough skin 1
a: no special abilities


You were on level 5 of the Dungeon.
You visited 1 branch of the dungeon, and saw 5 of its levels.

You collected 201 gold pieces.

Inventory:

Hand Weapons
 a - a +0 mace
 m - a +0 dagger of venom
 n - a +2 dagger of venom
 s - a +3 flail of holy wrath (weapon)
Missiles
 d - 118 stones (quivered)
 k - 11 poisoned darts
 u - 19 arrows
 w - 12 bolts
 y - a boomerang
Armour
 b - a +0 robe (worn)
Magical Staves
 i - a staff of death
 B - a staff of cold
Jewellery
 o - a +4 ring of protection (left claw)
 p - a +6 ring of strength (right claw)
 C - a ring of magical power
Scrolls
 c - a scroll of blinking {unknown}
 f - a scroll of vulnerability {unknown}
 h - a scroll of enchant weapon {unknown}
 j - 2 scrolls of teleportation {unknown}
 l - a scroll of fear {unknown}
 q - 3 scrolls of identify {unknown}
 r - a scroll of immolation {unknown}
 t - a scroll of enchant armour {unknown}
 v - a scroll of amnesia {unknown}
 A - a scroll of torment {unknown}
Potions
 e - 2 potions of attraction {unknown}
 g - 2 potions of haste {unknown}
 x - a potion of might {unknown}
 z - 2 potions of degeneration {unknown}
 D - a potion of flight {unknown}
 E - a potion of lignification {unknown}


   Skills:
 + Level 3.8 Fighting
 + Level 6.2 Maces & Flails
 + Level 4.1 Dodging
 + Level 1.5 Stealth


You had 6 spell levels left.
You didn't know any spells.
Your spell library was empty.

Dungeon Overview and Level Annotations

Branches:
Dungeon (5/15)
 Temple: D:4-7

Altars:
Kikubaaqudgha
Okawaru
Qazlal
The Shining One

Annotations:
D:2 Robin


Innate Abilities, Weirdness & Mutations

You are too large for most types of armour.
You have claws for hands.
Your natural rate of healing is unusually fast.
You are covered in fur. (AC +1)
You have tough skin. (AC +1)


Message History

You are engulfed in a cloud of scalding steam.
You barely miss the steam dragon.
You are engulfed in a cloud of scalding steam.
The steam dragon bites you! The steam dragon closely misses you.
You barely miss the steam dragon.
You are engulfed in a cloud of scalding steam.
The steam dragon closely misses you.
The steam dragon claws you but does no damage.
You barely miss the steam dragon. The steam dragon barely misses you.
The steam dragon claws you but does no damage.
You completely miss the steam dragon.
You are engulfed in a cloud of scalding steam.
The steam dragon bites you but does no damage.
The steam dragon claws you but does no damage.
You hit the steam dragon.
The steam dragon is moderately wounded.
The steam dragon breathes steam at you. The ball of steam hits you!
You hit the steam dragon.
The steam dragon is moderately wounded.
You are engulfed in a cloud of scalding steam.
* * * LOW HITPOINT WARNING * * *
The steam dragon bites you but does no damage.
The steam dragon claws you but does no damage.
The steam dragon bites you.
* * * LOW HITPOINT WARNING * * *
The steam dragon closely misses you.
You closely miss the steam dragon.
The steam dragon is moderately wounded.
You are engulfed in a cloud of scalding steam.
The steam dragon breathes steam at you. The ball of steam hits you!
* * * LOW HITPOINT WARNING * * *
The steam dragon barely misses you.
The steam dragon claws you but does no damage.
You hit the steam dragon.
The steam dragon is moderately wounded.
The steam dragon breathes steam at you. The ball of steam hits you!
You die...

#.........##
###..#..###
...........#
##..##..#
....####.....#
##..## #.#
...#
#......###..##
.#
.......#..##
.# .........§#
# #......§§##
#.......§#
.......@.#
........D§...#
..#........###
##......##
#.......
..........
.......###..
.......# #..


You could see a steam dragon (catching breath).

Vanquished Creatures
  2 water moccasins
  A necrophage (D:4)
  A scorpion (D:5)
  2 orc priests
  A bullfrog skeleton (D:5)
  Jessica (D:2)
  Terence (D:2)
  Natasha (thrice) (D:4)
  A scorpion zombie (D:5)
  A killer bee zombie (D:5)
  A hound skeleton (D:4)
  3 adders
  A howler monkey skeleton (D:5)
  An ufetubus (D:5)
  An adder skeleton (D:4)
  3 worms
  9 orcs
  5 ball pythons
  10 endoplasms
  A giant cockroach (D:3)
  9 goblins
  9 hobgoblins
  9 jackals
  6 kobolds
  5 quokkas
  7 bats
  3 frilled lizards (D:1)
  7 rats
104 creatures vanquished.

Notes
Turn   | Place    | Note
-------+----------+-------------------------------------------
     0 | D:1      | issech the Troll Monk began the quest for the Orb.
     0 | D:1      | Reached XP level 1. HP: 22/22 MP: 0/0
   186 | D:1      | Reached XP level 2. HP: 23/29 MP: 1/1
   342 | D:1      | Reached skill level 3 in Maces & Flails
   420 | D:1      | Reached XP level 3. HP: 31/36 MP: 2/2
   706 | D:2      | Identified the +0 helmet of Miracles {rElec rF+ Will-}
   706 | D:2      | Noticed Robin
  1142 | D:2      | Found a stormy altar of Qazlal.
  1144 | D:2      | Noticed Jessica
  1152 | D:2      | Noticed Terence
  1169 | D:2      | Killed Jessica
  1170 | D:2      | Reached XP level 4. HP: 44/44 MP: 3/3
  1205 | D:2      | Killed Terence
  1531 | D:3      | Noticed a water moccasin
  1555 | D:2      | Killed a water moccasin
  1556 | D:2      | Reached skill level 4 in Maces & Flails
  1556 | D:2      | Reached XP level 5. HP: 21/53 MP: 4/4
  1691 | D:3      | You fall into a shaft and drop 2 floors!
  1691 | D:5      | Entered Level 5 of the Dungeon
  1699 | D:5      | Noticed a water moccasin
  1701 | D:4      | Found an ancient bone altar of Kikubaaqudgha.
  1701 | D:4      | Found a glowing golden altar of the Shining One.
  1704 | D:4      | Found an iron altar of Okawaru.
  1742 | D:5      | Killed a water moccasin
  1743 | D:5      | Reached XP level 6. HP: 42/61 MP: 5/5
  1768 | D:5      | Noticed an ice beast
  1796 | D:5      | Reached skill level 5 in Maces & Flails
  1957 | D:4      | Noticed Natasha
  1967 | D:4      | Killed Natasha
  2175 | D:4      | Noticed Natasha
  2183 | D:4      | Killed Natasha
  2184 | D:4      | Reached XP level 7. HP: 67/67 MP: 6/6
  2899 | D:4      | Reached skill level 6 in Maces & Flails
  3228 | D:4      | Noticed Natasha
  3234 | D:4      | Killed Natasha
  3558 | D:5      | Noticed a steam dragon
  3568 | D:5      | HP: 2/68 [steam dragon/ball of steam (9)]
  3570 | D:5      | Killed from afar by a steam dragon

Illustrated notes

Levels and vault maps discovered:
D:1:      scummos_arrival_star, layout_basic, minmay_misc_feat_rows,
          minmay_distorted
D:2:      layout_basic, basic_altar, uniq_jessica, uniq_terence, uniq_robin
D:3:      layout_rooms, serial_glass, glass_columns_c, glass_columns_a
D:4:      layout_loops_corners, nicolae_overflow_hidden_temple,
          kennysheep_big_empty_room, kennysheep_windowed_goal, uniq_natasha
D:5:      layout_layer_cave, serial_shops, kennysheep_mini_moat,
          uniq_prince_ribbit1

Skill      XL: |  1  2  3  4  5  6  7 |
---------------+----------------------+-----
Maces & Flails | 3 4 5 6 |  6.2
Dodging        | 3 4 |  4.1
Fighting       | 3 |  3.8
Stealth        | |  1.5

Action                   |  1- 3 |  4- 6 |  7- 9 || total
-------------------------+-------+-------+-------++-------
Melee: Mace              |   155 |    16 |       ||   171
       Flail             |       |    67 |   101 ||   168
       Punch             |       |       |     3 ||     3
Armor: Robe              |    90 |    31 |    56 ||   177
Dodge: Dodged            |   137 |    58 |    47 ||   242
